[Event "ICC tourney 1980 (3 2)"]
[Site "Internet Chess Club"]
[Date "2020.08.28"]
[Round "9"]
[White "tactics321"]
[Black "GGuseinov"]
[Result "1/2-1/2"]
[ICCResult "Black stalemated"]
[WhiteElo "2232"]
[BlackElo "2920"]
[Opening "Sicilian: accelerated fianchetto, Gurgenidze variation"]
[ECO "B36"]
[NIC "SI.33"]
[Time "21:59:03"]
[TimeControl "180+2"]

1. e4 c5 2. Nf3 g6 3. d4 cxd4 4. Nxd4 Nc6 5. c4 Nf6 6. Nc3 Nxd4 7. Qxd4 d6
8. Be2 Bg7 9. Be3 O-O 10. Qd2 a5 11. f3 a4 12. O-O-O Be6 13. Kb1 Qa5 14. Nd5
Nxd5 15. cxd5 Qxd2 16. Rxd2 Bd7 17. Rc1 Rfc8 18. Rdc2 f5 19. Rxc8+ Rxc8 20.
Rxc8+ Bxc8 21. Bb5 a3 22. bxa3 fxe4 23. fxe4 Kf7 24. Kc2 e6 25. a4 exd5 26.
exd5 h5 27. a5 Bf6 28. Bf4 Ke7 29. Bd3 g5 30. Be3 h4 31. h3 g4 32. hxg4 Bxg4
33. a6 bxa6 34. Bxa6 Bd7 35. Kb3 Bf5 36. Bf1 Be4 37. Kc4 Bc2 38. Bd3 Bd1 39.
Be4 Kd7 40. Kb4 Kc7 41. a4 Bg4 42. a5 h3 43. gxh3 Bxh3 44. Bd3 Bh4 45. a6
Be1+ 46. Kb5 Bd7+ 47. Kc4 Ba5 48. Kb3 Be1 49. Bc4 Ba5 50. Bd4 Be1 51. a7 Kb7
52. Ba6+ Ka8 53. Kc4 Bh3 54. Kb5 Bf1+ 55. Kb6 Bxa6 56. Kxa6 Bf2 57. Bxf2
{Black stalemated}
1/2-1/2

[Event "ICC tourney 1980 (3 2)"]
[Site "Internet Chess Club"]
[Date "2020.08.28"]
[Round "9"]
[White "harkerchess"]
[Black "Zwish"]
[Result "1-0"]
[ICCResult "Black checkmated"]
[WhiteElo "1437"]
[BlackElo "1272"]
[Opening "Trompowsky attack (Ruth, Opocenský opening)"]
[ECO "A45"]
[NIC "QP.07"]
[Time "21:59:58"]
[TimeControl "180+2"]

1. d4 Nf6 2. Bg5 c5 3. d5 Ne4 4. Bf4 e6 5. f3 Nf6 6. e4 Qb6 7. Bc1 Bd6 8.
Na3 O-O 9. Nc4 Qc7 10. e5 Bxe5 11. d6 Bxd6 12. Nxd6 a6 13. Bd3 Nd5 14. Nxc8
Rxc8 15. c4 Nb4 16. Ne2 Qd6 17. Bxh7+ Kxh7 18. Qxd6 Nc2+ 19. Kf2 Nxa1 20.
Be3 Nc2 21. Qd3+ f5 22. Qxc2 Nc6 23. Nc3 Ne5 24. Na4 Rab8 25. Nxc5 b6 26.
Nxa6 Ra8 27. Nb4 Rxc4 28. Qd2 d5 29. a3 Rac8 30. Rd1 b5 31. Kg1 Rh4 32. Qf2
Rh5 33. Bd4 Nc4 34. Qg3 Rg8 35. Nd3 g5 36. Nc5 f4 37. Qg4 Rh6 38. Nxe6 Re8
39. Nxg5+ Kg8 40. Qxf4 Rg6 41. Qf7# {Black checkmated} 1-0

[Event "ICC tourney 1980 (3 2)"]
[Site "Internet Chess Club"]
[Date "2020.08.28"]
[Round "9"]
[White "TjkTiger"]
[Black "Aleksandrov73"]
[Result "1-0"]
[ICCResult "Black forfeits on time"]
[WhiteElo "2129"]
[BlackElo "2240"]
[Opening "English: Mikenas-Carls, Sicilian variation"]
[ECO "A19"]
[NIC "EO.64"]
[Time "21:59:09"]
[TimeControl "180+2"]

1. c4 e6 2. Nc3 Nf6 3. e4 c5 4. e5 Ng8 5. Nf3 d6 6. exd6 Bxd6 7. d4 cxd4 8.
Qxd4 Nf6 9. Nb5 Bb4+ 10. Bd2 Bxd2+ 11. Qxd2 Qxd2+ 12. Kxd2 Na6 13. Be2 Ke7
14. Rhd1 Bd7 15. Ne5 Bxb5 16. cxb5 Nb4 17. Bf3 Nbd5 18. Kc2 Rhc8+ 19. Kb3 a6
20. a4 axb5 21. axb5 Rxa1 22. Rxa1 Rc5 23. Ra5 Nc7 24. Nd3 Rxb5+ 25. Rxb5
Nxb5 26. Bxb7 Nd7 27. Ka4 Nd4 28. b4 Kd6 29. Ka5 e5 30. g3 f5 31. b5 e4 32.
Nb4 Nc5 33. Ba8 g5 34. b6 f4 35. gxf4 gxf4 36. b7 Nd7 37. b8=Q+ Nxb8 38.
Bxe4 h6 39. Nd3 f3 40. Kb4 Nd7 41. Kc4 Ne6 42. Bxf3 Ne5+ 43. Nxe5 Kxe5 44.
Kd3 Kf4 45. Be2 Ng7 46. Kd4 Nf5+ 47. Kd5 Nh4 48. Ke6 Nf5 49. Kf6 Nd4 50. Bd1
Nc6 51. Kg6 Ne5+ 52. Kxh6 Nd3 53. h4 Nxf2 54. Kg6 Nxd1 55. h5 Nf2 56. h6 Ng4
57. h7 Ne5+ 58. Kg7 {Black forfeits on time} 1-0

[Event "ICC tourney 1980 (3 2)"]
[Site "Internet Chess Club"]
[Date "2020.08.28"]
[Round "9"]
[White "helavir"]
[Black "Venom2020"]
[Result "1-0"]
[ICCResult "Black forfeits on time"]
[WhiteElo "2214"]
[BlackElo "1919"]
[Opening "Sicilian: Nimzovich-Rossolimo attack (with ...g6, without ...d6)"]
[ECO "B31"]
[NIC "SI.31"]
[Time "21:59:42"]
[TimeControl "180+2"]

1. e4 c5 2. Nf3 Nc6 3. Bb5 g6 4. Bxc6 dxc6 5. d3 Bg7 6. h3 Nf6 7. Nc3 O-O 8.
Be3 b6 9. Qd2 e5 10. Bh6 Qd6 11. O-O Re8 12. Bxg7 Kxg7 13. Nh2 Nh5 14. Ne2
c4 15. d4 exd4 16. Nxd4 Kg8 17. Rfe1 Bd7 18. Qc3 c5 19. Ndf3 b5 20. Rad1 Qe7
21. Rd5 Be6 22. Ng4 Bxg4 23. hxg4 Nf4 24. Re5 Qc7 25. g5 Rad8 26. g3 Rxe5
27. Qxe5 Qxe5 28. Nxe5 Nh3+ 29. Kg2 Nxg5 30. Re2 Rd6 31. f4 Ne6 32. c3 f6
33. Ng4 Kg7 34. e5 fxe5 35. Nxe5 Nc7 36. a4 a6 37. Kf3 Nd5 38. Rd2 Kf6 39.
g4 Ke6 40. g5 Ne7 41. Re2 {Black forfeits on time} 1-0

[Event "ICC tourney 1980 (3 2)"]
[Site "Internet Chess Club"]
[Date "2020.08.28"]
[Round "9"]
[White "davika21"]
[Black "vedanta07"]
[Result "1-0"]
[ICCResult "Black forfeits on time"]
[WhiteElo "1568"]
[BlackElo "1358"]
[Opening "Sicilian: Alapin's variation (2.c3)"]
[ECO "B22"]
[NIC "SI.46"]
[Time "21:59:03"]
[TimeControl "180+2"]

1. e4 c5 2. c3 g6 3. d4 cxd4 4. cxd4 d6 5. Nc3 Bg7 6. Nf3 Nf6 7. Be3 O-O 8.
Be2 Bg4 9. O-O Nbd7 10. h3 Bxf3 11. Bxf3 e5 12. dxe5 dxe5 13. Bg5 h6 14. Bh4
g5 15. Bg3 Re8 16. Qb3 Nc5 17. Qc2 Rc8 18. Rfd1 Qe7 19. Qe2 Red8 20. Rac1
Rxd1+ 21. Rxd1 Rc6 22. Nd5 Nxd5 23. Rxd5 Nd7 24. Qd2 Nb6 25. Rd8+ Kh7 26.
Bg4 Bf6 27. Bf5+ Kg7 28. b3 h5 29. Rd3 Qc5 30. Qe2 h4 31. Bh2 Qb5 32. g3 Rc3
33. Rd2 Qxe2 34. Rxe2 hxg3 35. Bxg3 Nc8 36. Bxc8 Rxc8 37. Rd2 Rc1+ 38. Kg2
Rc7 39. Rd5 Re7 40. Kf3 Kg6 41. Ke3 Bg7 42. Rd6+ f6 43. h4 gxh4 44. Bxh4
Bh6+ 45. Kd3 Bg5 46. Bg3 Kf7 47. Kc4 Rc7+ 48. Kd3 Ke7 49. Rd5 Rd7 50. Rxd7+
Kxd7 51. Kc4 Kc6 52. f3 b5+ 53. Kb4 Bd2+ 54. Ka3 Bc3 55. Bf2 a5 56. Bh4
{Black forfeits on time}
1-0

[Event "ICC tourney 1980 (3 2)"]
[Site "Internet Chess Club"]
[Date "2020.08.28"]
[Round "9"]
[White "JosephLevine"]
[Black "espark"]
[Result "0-1"]
[ICCResult "White resigns"]
[WhiteElo "1690"]
[BlackElo "1785"]
[Opening "Robatsch defense: two knights variation"]
[ECO "B06"]
[NIC "KF.05"]
[Time "21:59:09"]
[TimeControl "180+2"]

1. e4 g6 2. d4 Bg7 3. Nc3 d6 4. Nf3 a6 5. Bd3 b5 6. h3 Bb7 7. O-O Nd7 8. Re1
c5 9. Be3 cxd4 10. Bxd4 Ngf6 11. a4 b4 12. Na2 a5 13. c3 bxc3 14. Nxc3 O-O
15. Rc1 Rc8 16. Qd2 h5 17. Qe2 e5 18. Be3 d5 19. exd5 Nxd5 20. Nxd5 Bxd5 21.
Rxc8 Qxc8 22. Rc1 Qb7 23. Ba6 Qa8 24. Bb5 Nf6 25. Bg5 e4 26. Nd2 Nh7 27. Be7
Rb8 28. Ba3 Ng5 29. Nf1 Qa7 30. Ne3 Ba8 31. Qc2 Bd4 32. Bc5 Bxc5 33. Qxc5
Qxc5 34. Rxc5 Ne6 35. Rc3 Nd4 36. Ba6 Bc6 37. Rc4 Rd8 38. Kh2 Be8 39. Rc5
Nb3 40. Re5 f5 41. Bc4+ Bf7 42. Bxf7+ Kxf7 43. Rd5 Rxd5 44. Nxd5 Ke6 45.
Nf4+ Kf6 46. Nd5+ Ke5 47. Ne7 g5 48. g3 Ke6 49. Nc6 Kd6 50. Na7 Nc5 51. Nb5+
Kd5 52. Nc3+ Kd4 53. h4 g4 54. Kg2 Kd3 55. Kf1 Kc2 56. Nd5 Kxb2 57. Nb6 Kb3
58. Ke2 Nxa4 59. Nd5 Nc3+ 60. Nxc3 Kxc3 61. Kd1 a4 62. Kc1 Kd3 63. Kb2 Ke2
64. Ka3 Kxf2 65. Kxa4 Kxg3 {White resigns} 0-1

[Event "ICC tourney 1980 (3 2)"]
[Site "Internet Chess Club"]
[Date "2020.08.28"]
[Round "9"]
[White "BMWHero"]
[Black "MrNormalName"]
[Result "1-0"]
[ICCResult "Black checkmated"]
[WhiteElo "2551"]
[BlackElo "1933"]
[Opening "Four knights game"]
[ECO "C47"]
[NIC "KP.06"]
[Time "21:59:43"]
[TimeControl "180+2"]

1. e4 e5 2. Nf3 Nc6 3. Nc3 Nf6 4. Be2 d5 5. Bb5 Nxe4 6. Nxe5 Qd6 7. d4 Nxc3
8. bxc3 Be7 9. a4 O-O 10. Bxc6 bxc6 11. Ba3 Qf6 12. Bxe7 Qxe7 13. O-O Qd6
14. Re1 c5 15. Nd3 cxd4 16. cxd4 Bf5 17. Nc5 Rfe8 18. Qd2 Qg6 19. c3 h5 20.
Qf4 c6 21. f3 Bh3 22. Qg3 Qxg3 23. hxg3 Bf5 24. Kf2 f6 25. a5 Kf7 26. Ra4
Rab8 27. Rxe8 Kxe8 28. Rb4 Rxb4 29. cxb4 Ke7 30. Ke3 Kd6 31. Kf4 Bc8 32. Ke3
Bf5 33. Na4 Bc8 34. Nc3 g5 35. f4 Bd7 36. fxg5 fxg5 37. Nd1 Ke6 38. Nf2 Kf5
39. Kf3 Bc8 40. g4+ hxg4+ 41. Nxg4 Bd7 42. Ne5 Be8 43. Ke3 Ke6 44. Nd3 Kf5
45. Nc5 Kf6 46. Kf3 Kf5 47. Ke3 Kf6 48. Nd3 Bd7 49. Ne5 Be8 50. g4 Ke6 51.
Kd3 Kf6 52. Kc3 Ke6 53. Kb3 Kd6 54. Kc2 Kc7 55. Kd2 Kd6 56. Ke2 Ke6 57. Nf3
Kf6 58. Nd2 Ke6 59. Ke3 Kd6 60. Kf3 Bd7 61. Kg3 Ke6 62. Nb1 Kd6 63. Nc3 Ke6
64. Na4 Kd6 65. Nc5 Bc8 66. Nd3 Ke6 67. Ne5 Bb7 68. Kf3 Kf6 69. a6 Ba8 70.
Ke3 Ke6 71. Kd3 Kf6 72. Kc3 Ke6 73. Kb3 Kf6 74. b5 c5 75. Nd7+ Ke6 76. Nxc5+
Kd6 77. Kb4 Kc7 78. Ne6+ Kb6 79. Nxg5 Kc7 80. Nf3 Kd6 81. g5 Ke6 82. Kc5 Kf5
83. Kd6 Kg6 84. Ke6 Kg7 85. Ne5 Kg8 86. Kf6 Kf8 87. g6 Kg8 88. g7 Kh7 89.
Kf7 Kh6 90. g8=Q Kh5 91. Qg4+ Kh6 92. Qg6# {Black checkmated} 1-0

[Event "ICC tourney 1980 (3 2)"]
[Site "Internet Chess Club"]
[Date "2020.08.28"]
[Round "10"]
[White "GGuseinov"]
[Black "londonkid"]
[Result "1-0"]
[ICCResult "Black resigns"]
[WhiteElo "2920"]
[BlackElo "1887"]
[Opening "French: Tarrasch, closed variation"]
[ECO "C05"]
[NIC "FR.16"]
[Time "22:16:55"]
[TimeControl "180+2"]

1. e4 e6 2. d4 d5 3. Nd2 Nf6 4. e5 Nfd7 5. Ngf3 c5 6. c3 Nc6 7. Bd3 Qb6 8.
O-O cxd4 9. cxd4 Nxd4 10. Nxd4 Qxd4 11. Nf3 Qb6 12. a3 Nc5 13. Bc2 Bd7 14.
b4 Ne4 15. Be3 Qd8 16. Bxe4 dxe4 17. Ng5 Bc6 18. Qg4 Be7 19. Nxe4 Bxe4 20.
Qxe4 Qd5 21. Qxd5 exd5 22. Rfd1 O-O 23. Rxd5 Rfd8 24. Rad1 Rxd5 25. Rxd5 Kf8
26. Rd7 b6 27. f4 Ke8 28. Rb7 Bd8 29. Kf2 a5 30. b5 Rc8 31. Bxb6 Bxb6+ 32.
Rxb6 Rc2+ 33. Kf3 Rc3+ 34. Ke4 Rxa3 35. Rb8+ Kd7 36. Rb7+ Ke8 37. Ra7 a4 38.
b6 Rb3 39. b7 a3 40. Ra8+ Kd7 41. b8=Q Rxb8 42. Rxb8 a2 43. Ra8 a1=Q 44.
Rxa1 {Black resigns} 1-0

[Event "ICC tourney 1980 (3 2)"]
[Site "Internet Chess Club"]
[Date "2020.08.28"]
[Round "10"]
[White "vedanta07"]
[Black "rjc64uk"]
[Result "1/2-1/2"]
[ICCResult "Game drawn by repetition"]
[WhiteElo "1373"]
[BlackElo "1554"]
[Opening "French: exchange variation"]
[ECO "C01"]
[NIC "FR.01"]
[Time "22:16:51"]
[TimeControl "180+2"]

1. e4 e6 2. d4 d5 3. exd5 exd5 4. c4 Bb4+ 5. Bd2 Bxd2+ 6. Nxd2 Ne7 7. Ngf3
O-O 8. Be2 Nbc6 9. O-O Be6 10. c5 b6 11. Nb3 f6 12. Bb5 Bd7 13. Rc1 Qe8 14.
Re1 Qf7 15. cxb6 axb6 16. Rxe7 Qxe7 17. Bxc6 Bxc6 18. Rxc6 Rxa2 19. Qc1 Ra7
20. h3 Rfa8 21. Qf4 Qb4 22. Nbd2 Qxb2 23. Rxc7 Rxc7 24. Qxc7 b5 25. Qb7 Rd8
26. Qc7 Rf8 27. Qc5 b4 28. Qxd5+ Kh8 29. Ne4 Qc1+ 30. Kh2 Rb8 31. Nd6 h6 32.
Nf7+ Kh7 33. Qf5+ Kg8 34. Qd5 Kh7 35. Qf5+ Kg8 36. Qd5 Kh7 37. Qf5+ Kg8 38.
Qd5 Kh7 {Game drawn by repetition} 1/2-1/2

[Event "ICC tourney 1980 (3 2)"]
[Site "Internet Chess Club"]
[Date "2020.08.28"]
[Round "10"]
[White "Tombstone"]
[Black "tangent"]
[Result "0-1"]
[ICCResult "White checkmated"]
[WhiteElo "1671"]
[BlackElo "1870"]
[Opening "Queen's Indian: Nimzovich variation (exaggerated fianchetto)"]
[ECO "E15"]
[NIC "QI.05"]
[Time "22:16:49"]
[TimeControl "180+2"]

1. d4 Nf6 2. c4 e6 3. Nf3 b6 4. g3 Ba6 5. Qc2 Bb7 6. Nbd2 c5 7. e3 Nc6 8.
Qc3 cxd4 9. exd4 Bb4 10. Qd3 Nxd4 11. Qxd4 Bxf3 12. Rg1 Bc5 13. Qd3 Bb7 14.
Nb3 Be4 15. Qe2 Bb4+ 16. Bd2 Qe7 17. O-O-O Rc8 18. g4 d5 19. Qe3 Bc5 20.
Nxc5 Qxc5 21. Qf4 O-O 22. Bc3 Nd7 23. Qg5 f6 24. Qh4 Ne5 25. Bxe5 fxe5 26.
Rd2 dxc4 27. g5 c3 28. Re2 cxb2+ 29. Kxb2 Qb4+ 30. Ka1 Rc1# {White
checkmated} 0-1

[Event "ICC tourney 1980 (3 2)"]
[Site "Internet Chess Club"]
[Date "2020.08.28"]
[Round "10"]
[White "vyomvidy"]
[Black "JosephLevine"]
[Result "0-1"]
[ICCResult "White resigns"]
[WhiteElo "1770"]
[BlackElo "1711"]
[Opening "Queen's pawn: Chigorin variation"]
[ECO "D00"]
[NIC "VO.15"]
[Time "22:16:48"]
[TimeControl "180+2"]

1. Nc3 d5 2. d4 Nf6 3. Bf4 Bf5 4. f3 e6 5. g4 Bg6 6. h4 h5 7. g5 Nfd7 8. e3
Bd6 9. Nh3 Nc6 10. Bd3 Bxd3 11. Qxd3 g6 12. O-O-O a6 13. e4 Bxf4+ 14. Nxf4
dxe4 15. fxe4 Qe7 16. d5 Nce5 17. Qd4 c5 18. dxc6 bxc6 19. Nd3 c5 20. Qf2
O-O 21. Nxe5 Nxe5 22. Qf4 Qc7 23. Kb1 Rab8 24. b3 c4 25. Rh3 Rfc8 26. Rd2
cxb3 27. axb3 Nc4 28. Rf2 Ne5 29. Rd2 a5 30. Na4 Nc4 31. Rf2 Qxf4 32. Rxf4
Na3+ 33. Kb2 Nxc2 34. e5 Nb4 35. Rc3 Rxc3 {White resigns} 0-1

[Event "ICC tourney 1980 (3 2)"]
[Site "Internet Chess Club"]
[Date "2020.08.28"]
[Round "10"]
[White "BMWHero"]
[Black "Aleksandrov73"]
[Result "1-0"]
[ICCResult "Black forfeits on time"]
[WhiteElo "2556"]
[BlackElo "2235"]
[Opening "Ruy Lopez: Berlin defense"]
[ECO "C65"]
[NIC "RL.07"]
[Time "22:16:44"]
[TimeControl "180+2"]

1. e4 e5 2. Nf3 Nc6 3. Bb5 Nf6 4. d3 d6 5. O-O Bd7 6. Re1 g6 7. d4 Bg7 8.
Bxc6 Bxc6 9. dxe5 dxe5 10. Qxd8+ Rxd8 11. Nxe5 Bb5 12. Nc3 Ba6 13. Nf3 O-O
14. Bf4 c6 15. Be5 Rfe8 16. h3 Re6 17. Bd4 b6 18. Rad1 c5 19. Bxf6 Rxd1 20.
Rxd1 Bxf6 21. Nd5 Bb7 22. Nxf6+ Rxf6 23. Rd8+ Kg7 24. Nd2 Re6 25. f3 Re7 26.
Kf2 h5 27. Nc4 Bc6 28. a3 Rd7 29. Rxd7 Bxd7 30. h4 Kf6 31. Ke3 Be6 32. Nd6
Ke7 33. Nb5 a6 34. Nc7 Bc4 35. b3 {Black forfeits on time} 1-0

[Event "ICC tourney 1980 (3 2)"]
[Site "Internet Chess Club"]
[Date "2020.08.28"]
[Round "10"]
[White "Kokoro"]
[Black "BreatheChessAls"]
[Result "1-0"]
[ICCResult "Black checkmated"]
[WhiteElo "1866"]
[BlackElo "1592"]
[Opening "Sicilian defense"]
[ECO "B30"]
[NIC "SI.31"]
[Time "22:16:59"]
[TimeControl "180+2"]

1. e4 c5 2. Nf3 Nc6 3. Nc3 e6 4. g3 d6 5. Bg2 Nf6 6. O-O Be7 7. d3 O-O 8.
Nh4 Nd7 9. Qh5 Nf6 10. Qe2 Nd4 11. Qd1 Nd7 12. Nf3 Nxf3+ 13. Bxf3 Bf6 14.
Bg2 a6 15. f4 Rb8 16. Be3 Qc7 17. g4 b5 18. g5 Be7 19. Qh5 g6 20. Qh6 Re8
21. Rf3 Bf8 22. Qh4 Bg7 23. Rh3 Nf8 24. Rf1 b4 25. Ne2 d5 26. Ng3 dxe4 27.
Nxe4 e5 28. Nf6+ Bxf6 29. gxf6 h5 30. f5 Kh7 31. Be4 Qd7 32. Qg5 Kg8 33.
Rxh5 Nh7 34. Qh6 Nxf6 35. Qh8# {Black checkmated} 1-0

[Event "ICC tourney 1980 (3 2)"]
[Site "Internet Chess Club"]
[Date "2020.08.28"]
[Round "10"]
[White "MARMAYOGI11"]
[Black "Ayushb"]
[Result "1-0"]
[ICCResult "Black forfeits on time"]
[WhiteElo "1816"]
[BlackElo "1538"]
[Opening "Queen's bishop game"]
[ECO "D02"]
[NIC "QP.08"]
[Time "22:16:46"]
[TimeControl "180+2"]

1. d4 d5 2. Nf3 Nf6 3. Bf4 Bf5 4. e3 e6 5. Bd3 Bg6 6. Nbd2 Bd6 7. Bg5 Nbd7
8. Qe2 c6 9. c3 Qc7 10. Bxg6 hxg6 11. h3 a5 12. e4 Nxe4 13. Nxe4 dxe4 14.
Qxe4 Nf6 15. Bxf6 gxf6 16. O-O-O O-O-O 17. Kb1 Kb8 18. Rhe1 Rhe8 19. Qd3 e5
20. Qc4 e4 21. Nd2 f5 22. g4 Qd7 23. gxf5 Qxf5 24. Ka1 Rd7 25. Nb3 Qxf2 26.
d5 cxd5 27. Qb5 Rde7 28. Re2 Qa7 29. Qxd5 Bc7 30. Qb5 Qb6 31. Qa4 e3 32. a3
Qa6 33. c4 {Black forfeits on time} 1-0

[Event "ICC tourney 1980 (3 2)"]
[Site "Internet Chess Club"]
[Date "2020.08.28"]
[Round "10"]
[White "Zwish"]
[Black "ivo20"]
[Result "1-0"]
[ICCResult "Black resigns"]
[WhiteElo "1288"]
[BlackElo "1246"]
[Opening "Anderssen's opening"]
[ECO "A00"]
[NIC "VO.14"]
[Time "22:16:47"]
[TimeControl "180+2"]

1. a3 h6 2. c4 a6 3. Nf3 d6 4. b3 e5 5. Bb2 Bg4 6. d3 Bxf3 7. gxf3 Be7 8.
Rg1 Bf6 9. Qc2 Ne7 10. Nd2 Ng6 11. Ne4 O-O 12. e3 Nd7 13. Be2 Nc5 14. Nxc5
dxc5 15. O-O-O b5 16. cxb5 axb5 17. Qxc5 Be7 18. Qxb5 Bxa3 19. Bxa3 Rxa3 20.
Kb2 Qa8 21. Ra1 Rxa1 22. Rxa1 Qd8 23. Rc1 Ne7 24. Qxe5 Re8 25. Qxc7 Nd5 26.
Qxd8 Rxd8 27. d4 Re8 28. Rc5 Nf4 29. Bf1 Ne6 30. Rc3 Ng5 31. Be2 Nh3 32. b4
Nxf2 33. Rb3 Nh3 34. b5 Rb8 35. b6 Ng5 36. b7 Ne6 37. Ba6 Nc7 38. Rc3 Nxa6
39. Rc8+ Kh7 40. Rxb8 Nxb8 41. Kc3 Kg8 42. Kc4 Kf8 43. Kd5 Ke8 44. Kd6 f6
45. Kc7 Na6+ 46. Kb6 Nb8 47. d5 Kd7 48. Ka7 Kc7 49. d6+ Kxd6 50. Kxb8
{Black resigns}
1-0

[Event "ICC tourney 1980 (3 2)"]
[Site "Internet Chess Club"]
[Date "2020.08.28"]
[Round "10"]
[White "WR3311"]
[Black "kralj8"]
[Result "0-1"]
[ICCResult "White forfeits on time"]
[WhiteElo "1503"]
[BlackElo "1574"]
[Opening "English: three knights system"]
[ECO "A27"]
[NIC "EO.21"]
[Time "22:16:57"]
[TimeControl "180+2"]

1. c4 e5 2. Nf3 Nc6 3. Nc3 Bc5 4. g3 d6 5. Bg2 Nge7 6. d3 O-O 7. O-O Bf5 8.
Bd2 a6 9. Qc2 Rb8 10. Qc1 Qd7 11. Be3 Nd4 12. b3 b5 13. cxb5 axb5 14. Bxd4
exd4 15. Ne4 Bxe4 16. dxe4 f5 17. e5 Nc6 18. exd6 Qxd6 19. Rd1 Rbd8 20. Ne1
Ne5 21. Nd3 Nxd3 22. Rxd3 Bb4 23. e3 c5 24. exd4 cxd4 25. Qc6 Qxc6 26. Bxc6
Bc3 27. Rad1 b4 28. Bb5 Ra8 29. Ba4 Ra5 30. Kf1 g5 31. Rf3 Kg7 32. Rc1 Re5
{White forfeits on time}
0-1

[Event "ICC tourney 1980 (3 2)"]
[Site "Internet Chess Club"]
[Date "2020.08.28"]
[Round "10"]
[White "Goran21"]
[Black "helavir"]
[Result "0-1"]
[ICCResult "White resigns"]
[WhiteElo "2077"]
[BlackElo "2224"]
[Opening "Caro-Kann: closed (Breyer) variation"]
[ECO "B10"]
[NIC "CK.01"]
[Time "22:17:03"]
[TimeControl "180+2"]

1. e4 c6 2. d3 d5 3. Nd2 g6 4. Ngf3 Bg7 5. g3 e5 6. Bg2 Ne7 7. O-O O-O 8.
Re1 Re8 9. b4 a5 10. bxa5 Qxa5 11. Bb2 d4 12. Nc4 Qc7 13. a4 Be6 14. c3 Bxc4
15. dxc4 c5 16. cxd4 cxd4 17. Nd2 Nd7 18. Ba3 Nc6 19. c5 Bf8 20. Qc2 Rec8
21. Bh3 Na5 22. Rec1 Qc6 23. Bb4 Rc7 24. Bxd7 Qxd7 25. Qd3 Nc6 26. Qb5 Nxb4
27. Qxb4 Rac8 28. Nb3 Rc6 29. a5 Qc7 30. Rc4 Be7 31. Rac1 Bg5 32. Rd1 Rd8
33. Rd3 h5 34. h4 Be7 35. Rd1 Bf8 36. Rd2 Bh6 37. Rd3 f5 38. exf5 gxf5 39.
Rd1 d3 40. Rc3 e4 41. Qc4+ Qf7 42. Nd4 Qxc4 43. Rxc4 Rf6 44. c6 bxc6 45.
Nxc6 Ra8 46. Ne7+ Kf7 47. Nd5 Rd6 48. Rc7+ Ke6 49. Ne3 Bxe3 50. fxe3 Rxa5
51. Rd2 Rda6 52. Rh7 Ra1+ 53. Kf2 R6a2 54. Rxa2 Rxa2+ 55. Ke1 Re2+ 56. Kd1
Rxe3 57. Rxh5 Rxg3 58. Rh8 e3 59. Re8+ Kf7 60. Rxe3 Rxe3 {White resigns} 0-1

[Event "ICC tourney 1980 (3 2)"]
[Site "Internet Chess Club"]
[Date "2020.08.28"]
[Round "10"]
[White "MasterZachary"]
[Black "Venom2020"]
[Result "1/2-1/2"]
[ICCResult "Game drawn by mutual agreement"]
[WhiteElo "2137"]
[BlackElo "1928"]
[Opening "Sicilian: accelerated fianchetto, modern variation with Bc4"]
[ECO "B35"]
[NIC "SI.31"]
[Time "22:16:47"]
[TimeControl "180+2"]

1. e4 c5 2. Nf3 Nc6 3. Nc3 g6 4. d4 cxd4 5. Nxd4 Bg7 6. Be3 Nf6 7. Bc4 O-O
8. Bb3 a5 9. O-O a4 10. Nxa4 Nxe4 11. Nb5 Ra6 12. Qd3 Nf6 13. c4 d6 14. Rfd1
Bf5 15. Qe2 Qb8 16. h3 Rd8 17. Bf4 e5 18. Bg5 Na5 19. Bc2 Be6 20. b3 h6 21.
Bxf6 Bxf6 22. Nac3 Nc6 23. Nd5 Bxd5 24. Rxd5 Nb4 25. Rdd1 e4 26. Nd4 d5 27.
c5 Rxa2 28. Rxa2 Nxa2 29. Qe3 Nb4 30. Bb1 Kg7 31. g3 Nc6 32. Nb5 Qe5 33. Nd6
b6 34. b4 Nxb4 35. Nb7 Rd7 36. c6 Nxc6 37. Qxb6 Nd4 38. Nc5 Rd6 39. Qc7 Nf3+
40. Kg2 Rd8 41. Qxe5 Nxe5 42. Ba2 Be7 43. Nb7 Rd7 44. Rxd5 Rxb7 45. Rxe5 Rb2
46. Rxe7 Rxa2 47. Rxe4 Kf6 48. Rf4+ Kg7 49. h4 h5 50. Kg1 Ra6
{Game drawn by mutual agreement}
1/2-1/2

[Event "ICC tourney 1980 (3 2)"]
[Site "Internet Chess Club"]
[Date "2020.08.28"]
[Round "10"]
[White "IndianTerritory"]
[Black "jx4"]
[Result "1-0"]
[ICCResult "Black resigns"]
[WhiteElo "1753"]
[BlackElo "1809"]
[Opening "Sicilian: Kan, 5.Nc3"]
[ECO "B43"]
[NIC "SI.41"]
[Time "22:16:55"]
[TimeControl "180+2"]

1. e4 c5 2. Nf3 e6 3. d4 cxd4 4. Nxd4 a6 5. Nc3 Qc7 6. Be2 Nf6 7. O-O Be7 8.
Be3 d6 9. Qd2 Nbd7 10. f4 b5 11. a4 b4 12. Nd1 Nxe4 13. Qxb4 d5 14. Qe1 Ndf6
15. c3 Bd7 16. Nf2 Bd6 17. Qc1 O-O 18. Bf3 Rab8 19. Nd3 Nc5 20. Nxc5 Bxc5
21. Re1 Ne4 22. Be2 Qb6 23. b4 Bxd4 24. Bxd4 Qb7 25. Bd3 Rbc8 26. Qe3 f5 27.
b5 axb5 28. axb5 Ra8 29. b6 Qc6 30. Ra7 Rab8 31. Be5 Rb7 32. Bb5 Qc8 33. Ba6
Bc6 34. Qd4 Rff7 35. Bc7 h6 36. Bxb7 Bxb7 37. c4 dxc4 38. Qxc4 Kh7 39. Rd1
Bd5 40. Qc2 Rd7 41. Rc1 Bb7 42. Be5 Qd8 43. Bc7 Qc8 44. h3 Nf6 45. Be5 Nd5
46. Qxc8 Bxc8 47. Rxc8 Nxb6 48. Rxd7 Nxd7 49. Rd8 Nxe5 50. fxe5 Kg6 51. Kf2
{Black resigns}
1-0

[Event "ICC tourney 1980 (3 2)"]
[Site "Internet Chess Club"]
[Date "2020.08.28"]
[Round "10"]
[White "tactics321"]
[Black "TjkTiger"]
[Result "1/2-1/2"]
[ICCResult "Game drawn by mutual agreement"]
[WhiteElo "2227"]
[BlackElo "2134"]
[Opening "English: symmetrical, Benoni formation"]
[ECO "A31"]
[NIC "EO.46"]
[Time "22:16:49"]
[TimeControl "180+2"]

1. d4 Nf6 2. c4 c5 3. Nf3 cxd4 4. Nxd4 g6 5. Nc3 Bg7 6. e4 O-O 7. Be2 Nc6 8.
Be3 d6 9. O-O Bd7 10. h3 Rc8 11. Rc1 a6 12. b3 Re8 13. Qd3 Qa5 14. Rfd1 Nxd4
15. Bxd4 Bc6 16. Qe3 Nd7 17. Bxg7 Kxg7 18. Bg4 Rcd8 19. Bxd7 Rxd7 20. Qd4+
f6 21. Rc2 Qc5 22. Qd3 e6 23. Kh1 f5 24. Rcd2 Rf8 25. f3 Kg8 26. Qd4 Qxd4
27. Rxd4 Rfd8 28. a4 a5 29. Nb5 fxe4 30. fxe4 e5 31. R4d2 Bxe4 32. Nxd6 Bc6
33. c5 e4 34. Re1 b6 35. Rde2 bxc5 36. Nxe4 Bxe4 37. Rxe4 Rb7 38. Re8+ Rxe8
39. Rxe8+ Kf7 40. Rc8 Rxb3 41. Rxc5 Ra3 42. Rxa5 g5 43. Kg1 Kg6 44. Kf2 h5
45. Ra8 g4 46. hxg4 hxg4 47. a5 g3+ 48. Ke2 Kg7 49. a6 Kh7 50. Kd1 Ra2 51.
a7 Kg7 52. Kc1 Kh7 53. Kb1 Ra6 54. Kb2 Ra5 55. Kb3 Ra1 56. Kc3 Kg7 57. Kd4
Ra4+ 58. Ke5 Ra1 59. Kf4 Ra3 60. Kg4 Kh7 61. Kf5 Kg7 62. Ke5 Ra1 63. Kd4 Ra2
64. Kc5 Ra1 65. Kb4 Kh7 66. Kb5 Kg7 67. Kb6 Rb1+ 68. Kc7 Rc1+ 69. Kd6 Ra1
70. Ke6 Ra3 71. Kf5 Ra5+ 72. Kf4 Ra3 73. Kg5 Ra5+ 74. Kh4 Ra3
{Game drawn by mutual agreement}
1/2-1/2

[Event "ICC tourney 1980 (3 2)"]
[Site "Internet Chess Club"]
[Date "2020.08.28"]
[Round "10"]
[White "Xuanli28"]
[Black "davika21"]
[Result "0-1"]
[ICCResult "White checkmated"]
[WhiteElo "1658"]
[BlackElo "1589"]
[Opening "Hungarian defense"]
[ECO "C50"]
[NIC "IG.03"]
[Time "22:17:33"]
[TimeControl "180+2"]

1. e4 e5 2. Nf3 Nc6 3. Bc4 Be7 4. d3 Nf6 5. O-O O-O 6. Nbd2 d5 7. exd5 Nxd5
8. a4 Nb6 9. Bb3 a5 10. Re1 Bf6 11. Ne4 h6 12. Be3 Nd4 13. c3 Nxb3 14. Qxb3
Be6 15. Qc2 Nd5 16. Bc5 Re8 17. Nxf6+ Qxf6 18. Nxe5 Nf4 19. f3 Bf5 20. Bd4
Qg5 21. g3 Ne6 22. Bf2 c6 23. Rad1 Rad8 24. Be3 Qf6 25. Nc4 Qg6 26. Ne5 Qf6
27. f4 Nc7 28. Bb6 Re7 29. Bxc7 Rxc7 30. Qe2 Re7 31. d4 Be6 32. Qc2 Bd5 33.
c4 Be6 34. Qc3 Bf5 35. Re3 Qe6 36. Rde1 Qf6 37. Kg2 Qd6 38. Rd1 Qf6 39. Rde1
Qd6 40. Nf3 Rde8 41. Rxe7 Rxe7 42. Qxa5 Rxe1 43. Qxe1 Qd7 44. Qe5 Be6 45.
Nd2 Qe7 46. d5 cxd5 47. cxd5 Qb4 48. dxe6 Qxd2+ 49. Kh3 fxe6 50. Qxe6+ Kh7
51. Qf5+ Kg8 52. Qc8+ Kh7 53. Qxb7 Qe2 54. Qg2 Qh5# {White checkmated} 0-1